 Dungeon Crawl Stone Soup version 0.29.1-15-g9cfb28693d (webtiles) character file.

Game seed: 8724886412359909618

14 nshep25 the Trooper (level 2, -1/27 HPs)
             Began as a Minotaur Fighter on Apr 28, 2023.
             Slain by Sigmund
             ... wielding a +0 scythe
              (4 damage)
             ... on level 2 of the Dungeon.
             The game lasted 00:00:57 (808 turns).

nshep25 the Trooper (Minotaur Fighter)               Turns: 808, Time: 00:00:57

Health: -1/27      AC:  7    Str: 20    XL:     2   Next: 31%
Magic:  1/1        EV:  9    Int:  5    God:
Gold:   55         SH:  4    Dex:  9    Spells: 1/1 levels left

rFire   . . .      SeeInvis .   a - +0 war axe
rCold   . . .      Faith    .   c - +0 buckler
rNeg    . . .      Spirit   .   b - +0 scale mail
rPois   .          Reflect  .   (helmet restricted)
rElec   .          Harm     .   (no cloak)
rCorr   .          Rampage  .   (no gloves)
Will    .....                   (no boots)
Stlth   ..........              (no amulet)
HPRegen 0.09/turn               (no ring)
MPRegen 0.07/turn               (no ring)

@: no status effects
A: horns 2, retaliatory headbutt
a: no special abilities


You were on level 2 of the Dungeon.
You visited 1 branch of the dungeon, and saw 2 of its levels.

You collected 55 gold pieces.

Inventory:

Hand Weapons
 a - a +0 war axe (weapon)
Armour
 b - a +0 scale mail (worn)
 c - a +0 buckler (worn)
Jewellery
 i - a ring of wizardry
Scrolls
 f - a scroll of identify {unknown}
 g - a scroll of amnesia {unknown}
Potions
 d - a potion of might
 e - a potion of degeneration {unknown}
 h - a potion of attraction {unknown}


   Skills:
 + Level 4.0 Fighting
 + Level 2.6 Axes
 + Level 3.9 Armour
 + Level 3.9 Shields


You had one spell level left.
You didn't know any spells.
Your spell library was empty.

Dungeon Overview and Level Annotations

Branches:
Dungeon (2/15)

Altars:

Annotations:
D:2 Sigmund


Innate Abilities, Weirdness & Mutations

You have a pair of horns on your head.
You reflexively headbutt those who attack you in melee.


Message History

You see here a +3 short sword of speed.
A bat is nearby!
A bat is nearby!
You slash the bat!
You kill the bat!
Your Fighting skill increases to level 4!
Found a scratched sapphire ring and 7 stones.
An endoplasm comes into view.
The endoplasm quivers.
A ball python comes into view.
The ball python hisses angrily.
You block the endoplasm's attack.
You barely miss the endoplasm. You hit the ball python.
You kill the ball python!
The endoplasm hits you but does no damage. x2
You barely miss the endoplasm. You block the endoplasm's attack.
You slash the endoplasm!
You kill the endoplasm!
i - a ring of wizardry Sigmund the Dreaded comes into view.
He is wielding a +0 scythe and wearing a +0 robe of fire resistance.
Sigmund shouts!
Sigmund gestures at you while chanting.
The puff of flame hits you but does no damage.
Sigmund says, "Now you see me, now you don't..."
Found a stone staircase leading up.
Sigmund hits you from afar with a +0 scythe.
You closely miss Sigmund. You block Sigmund's attack.
You slash Sigmund!
Sigmund is moderately wounded.
Sigmund casts a spell at you. The magic dart hits you!
You closely miss Sigmund. Your headbutt misses Sigmund.
Sigmund is moderately wounded.
Sigmund hits you with a +0 scythe!
* * * LOW HITPOINT WARNING * * *
You hit Sigmund.
Sigmund is moderately wounded.
Sigmund screams, "Only death can liberate you!"
Sigmund hits you with a +0 scythe.
You die...

#....####......#+###.# #..#.
#.........#.......##.# #..##
#....†....#.......##.# #....
#.........#.......##.#######.###
#.........#....................#
+.........+..........#######.#.#
#.........######....... ...#.#
#........(# #####...## #.#.#..
#....#########.@@....<. #.#.###
#..............####.... # #.# #
#...############ # #.# # #...#
#. # ##### # . #


You could see Sigmund.

Vanquished Creatures
  A dart slug (D:1)
  2 endoplasms
  A hobgoblin (D:1)
  4 kobolds (D:1)
  2 ball pythons
  A bat (D:2)
  A rat (D:2)
12 creatures vanquished.

Notes
Turn   | Place    | Note
-------+----------+-------------------------------------------
     0 | D:1      | nshep25 the Minotaur Fighter began the quest for the Orb.
     0 | D:1      | Reached XP level 1. HP: 19/19 MP: 0/0
   296 | D:1      | Reached XP level 2. HP: 27/27 MP: 1/1
   688 | D:1      | You fall into a shaft and drop 1 floor!
   778 | D:2      | Reached skill level 4 in Fighting
   800 | D:2      | Noticed Sigmund
   808 | D:2      | Slain by Sigmund

Illustrated notes

Levels and vault maps discovered:
D:1:      spicycebolla_arrival_ecumenical, layout_basic
D:2:      mumra_celtic_spiral_tile, layout_basic, uniq_sigmund

Skill      XL: |  1  2 |
---------------+-------+-----
Fighting       | 4 |  4.0
Axes           | |  2.6
Armour         | |  3.9
Shields        | |  3.9

Action                   || total
-------------------------++-------
Melee: War axe           ||    21
       Headbutt          ||     1
Armor: Scale mail        ||     6
Dodge: Dodged            ||     6
Block: Buckler           ||     6
